AoeStats
← Cordoba

Arabia

510132313Analyzed
1v1 RM · 2d ago on Sep 29, 2026· 22m 39s· 2 players
Game mode
Random Map
Map size
Tiny (2 player)
Population
200
Speed
Normal
Resources
Standard
Victory
Conquest
Starting age
Dark Age
Ending age
Imperial Age
RankedLock teamsTeams togetherTeam positionsShared explorationLock speedFull tech treeHidden civsTurbo modeCheats
Victory
Defeat
🇦🇷 Khmer · Argentina
1234
+13
🇬🇷 Teutons · Greece
1170
-13
Spercules
6:34 Loom
9:22 Feudal Age
10:49 Double-Bit Axe
15:56 Wheelbarrow
20:15 Castle Age
18:21 Horse Collar
19:46 Fletching
19:56 Padded Archer Armor
21:20 Stone Mining
21:44 Bow Saw
21:42 Bodkin Arrow
22:14 Heavy Plow
23:17 Stone Shaft Mining
Cordoba
6:34 Loom
9:23 Feudal Age
10:18 Double-Bit Axe
11:18 Horse Collar
18:28 Castle Age
17:21 Bloodlines
17:28 Fletching
19:12 Husbandry
19:47 Bodkin Arrow
20:46 Padded Archer Armor
21:33 Ballistics
21:58 Wheelbarrow
Connection lost

Rejoining the realm…

Still unreachable

The connection could not be restored.

Session expired

The server has moved on; the page needs a fresh start.